 Dungeon Crawl Stone Soup version 0.19.4 (webtiles) character file.

84 vatarom the Insei (level 4, -2/38 HPs)
             Began as a Naga Transmuter on Feb 3, 2017.
             Slain by an adder (4 damage)
             ... on level 2 of the Dungeon.
             The game lasted 00:03:48 (2194 turns).

vatarom the Insei (Naga Transmuter)                 Turns: 2194, Time: 00:03:49

Health: -2/38      AC:  3    Str: 11 (12) XL:     4   Next: 45%
Magic:  6/7        EV: 15    Int: 13 (14) God:
Gold:   59         SH:  0    Dex: 17      Spells: 3 memorised, 1 level left

rFire  . . .     SeeInvis +       - Unarmed
rCold  . . .     Gourm    .     b - +1 robe
rNeg   . . .     Faith    .     (no shield)
rPois  +         Spirit   .     (no helmet)
rElec  .         Reflect  .     (no cloak)
rCorr  .         Harm     .     (no gloves)
MR     .....                    (no barding)
Stlth  +++.......               (no amulet)
                                (no ring)
                                (no ring)

@: agile, lethally poisoned (-2 -> -4), appendage (expiring), very slow
A: horns 2, see invisible, deformed body, poison resistance, slowness 2, slow
metabolism 1, spit poison 1, AC +1
a: Spit Poison, End Transformation


You were on level 2 of the Dungeon.
You were not hungry.
You had grown temporary horns.
You visited 1 branch of the dungeon, and saw 2 of its levels.

You collected 59 gold pieces.

Inventory:

Missiles
 a - 29 arrows
Armour
 b - a +1 robe (worn)
Scrolls
 g - 3 scrolls of fear
 h - a scroll of identify
Books
 c - a book of Changes

   Spells                             Type                      Level
   a - Beastly Appendage              Transmutation                1
   b - Sticks to Snakes               Transmutation                2
   c - Spider Form                    Transmutation/Poison         3
   d - Ice Form                       Ice/Transmutation            4
   e - Blade Hands                    Transmutation                5
Comestibles
 d - a bread ration


   Skills:
 - Level 1.0 Fighting
 - Level 1.5 Dodging
 * Level 4.4 Unarmed Combat
 - Level 2.0 Spellcasting
 + Level 3.2 Transmutations


You had one spell level left.
You knew the following spells:

 Your Spells              Type           Power        Failure   Level  Hunger
a - Beastly Appendage     Tmut           #.....       10%         1    ##.....
b - Sticks to Snakes      Tmut           #.......     12%         2    ###....
c - Spider Form           Tmut/Pois      #.........   38%         3    ####...


Dungeon Overview and Level Annotations

Branches:
Dungeon (2/15)

Altars:


Innate Abilities, Weirdness & Mutations

You cannot wear boots.
Your serpentine skin is tough. (AC +1)
You have supernaturally acute eyesight. (SInv)
Armour fits poorly on your strangely shaped body.
Your system is resistant to poisons. (rPois)
You cover ground very slowly.
You have a slow metabolism.
You can spit poison.
You have a pair of horns on your head.


Message History

You barely miss the adder.
The adder is heavily wounded.
The adder bites you.
* * * LOW HITPOINT WARNING * * *
You closely miss the adder.
The adder is heavily wounded.
The adder bites you.
* * * LOW HITPOINT WARNING * * *
You are poisoned.
The adder poisons you! The adder bites you.
* * * LOW HITPOINT WARNING * * *
You feel agile all of a sudden.
Your transformation is almost over.
* * * LOW HITPOINT WARNING * * *
You feel sick. The adder bites you.
* * * LOW HITPOINT WARNING * * *
You closely miss the adder.
The adder is heavily wounded.
You have got your breath back.
The adder bites you.
You die...

#######. .. #....).#
#. #......# #.. ..#
#......# #.#....
##......# ..####
#.#..#.##........
....##.#..#..#........
#.S..#.# #........÷.
#@...# #..........
#....# #.....##...
#....###.....##...
####...###.....###...
........†.............
######..#...#..####...
#......###.## #...
.####......# #.# ####
.........### #.#


You could see an adder.

Vanquished Creatures
  4 adders (D:2)
  An ooze (D:2)
  A worm (D:2)
  A dart slug (D:2)
  A ball python (D:1)
  5 bats
  2 giant cockroaches
  6 goblins
  2 hobgoblins (D:1)
  4 kobolds (D:1)
  A quokka (D:2)
  6 frilled lizards
  6 rats
40 creatures vanquished.

Vanquished Creatures (collateral kills)
  A frilled lizard (D:2)
1 creature vanquished.

Grand Total: 41 creatures vanquished

Notes
Turn   | Place    | Note
-------+----------+-------------------------------------------
     0 | D:1      | vatarom the Naga Transmuter began the quest for the Orb.
     0 | D:1      | Reached XP level 1. HP: 18/18 MP: 3/3
   349 | D:1      | Reached XP level 2. HP: 15/25 MP: 3/5
   670 | D:1      | Learned a level 2 spell: Sticks to Snakes
  1091 | D:2      | Reached XP level 3. HP: 26/31 MP: 6/6
  1140 | D:2      | Learned a level 3 spell: Spider Form
  1176 | D:2      | Found a faded altar of an unknown god.
  1209 | D:2      | Reached skill level 4 in Unarmed Combat
  1574 | D:2      | Reached XP level 4. HP: 23/38 MP: 7/7
  2194 | D:2      | Slain by an adder

Skill      XL: |  1  2  3 |
---------------+----------+-----
Unarmed Combat | 4 |  4.4
Transmutations | 3 |  3.2
Fighting       | |  1.0
Dodging        | |  1.5
Spellcasting   | |  2.0

Action                   |  1- 3 |  4- 6 || total
-------------------------+-------+-------++-------
Melee: Unarmed           |    83 |    40 ||   123
       Headbutt          |     1 |       ||     1
 Cast: Beastly Appendage |     3 |     1 ||     4
       Sticks to Snakes  |     1 |     2 ||     3
 Abil: Spit Poison       |    18 |     6 ||    24
  Use: Scroll            |     9 |       ||     9
       Potion            |     2 |     1 ||     3
 Stab: Sleeping          |     1 |       ||     1
  Eat: Chunk             |     2 |       ||     2
       Bread ration      |       |     1 ||     1
Armor: Robe              |    24 |    14 ||    38
Dodge: Dodged            |    48 |    25 ||    73
